TOP OF THE 1ST |
Butler HS Golden Tornado batting - Pitching for Newport News HS Paints : LHP Kelly Shaw
|
Pitching: LHP Kelly Shaw
|
|
Batting: LHB Byron McIlmoyle
|
0-0: Ball 1-0: Foul Ball, location: 2F 1-1: Swinging Strike 1-2: Strikes out swinging
|
Batting: RHB Keith Gamble
|
0-0: Called Strike 0-1: Ball 1-1: Ball 2-1: Ball 3-1: Foul Ball, location: 2F 3-2: Base on Balls
|
Batting: RHB Mike Morton
|
0-0: Ball 1-0: Ball 2-0: Swinging Strike 2-1: SINGLE (Groundball, 56D) Keith Gamble to second
|
Batting: LHB Joe Vásquez
|
0-0: Foul Ball, location: 2F 0-1: Foul Ball, location: 2F 0-2: Foul Ball, location: 2F 0-2: Ball 1-2: Ball 2-2: SINGLE (Line Drive, 34) Keith Gamble to third Mike Morton to second Runner from 3rd tries for Home, SAFE, no throw or cutoff
|
Batting: RHB Daniel Quintana
|
0-0: Called Strike 0-1: Ball 1-1: Called Strike 1-2: Strikes out looking
|
Batting: LHB Curtis Hudson
|
0-0: Ball 1-0: Ground out U3 (Groundball, 3)
|
Top of the 1st over - 1 run(s), 2 hit(s), 0 error(s), 2 left on base; Butler HS 1 - Newport News HS 0 |
BOTTOM OF THE 1ST |
Newport News HS Paints batting - Pitching for Butler HS Golden Tornado : RHP Ethan Knight
|
Pitching: RHP Ethan Knight
|
|
Batting: RHB John Graham
|
0-0: DOUBLE (Line Drive, 8LM)
|
Pinch Runner at 2nd Brian Hoover:
|
|
Batting: RHB Rick McDonald
|
0-0: Foul Ball, location: 2F 0-1: Ball 1-1: Ball 2-1: Foul Ball, location: 2F 2-2: Ground out 4-3 (Groundball, 4) Brian Hoover to third
|
Batting: LHB Juan Lima
|
0-0: Ball 1-0: Ball 2-0: Ball 3-0: Called Strike 3-1: Foul Ball, location: 2F 3-2: Fly out, F9 (Flyball, 9D) Runner from 3rd tags up, SCORES, no throw
|
Batting: RHB Wilfred Martin
|
0-0: Ball 1-0: Ball 2-0: Called Strike 2-1: Ball 3-1: Swinging Strike 3-2: Foul Ball, location: 2F 3-2: Foul Ball, location: 2F 3-2: SINGLE (Groundball, 6MD)
|
Batting: LHB Mark Wilson
|
0-0: SINGLE (Line Drive, 4D) Wilfred Martin to second Throwing error, E9 Wilfred Martin scores Mark Wilson to second
|
Batting: RHB Lynn Johnson
|
0-0: Ball 1-0: Called Strike 1-1: Ground out 5-3 (Groundball, 56S)
|
Bottom of the 1st over - 2 run(s), 3 hit(s), 1 error(s), 1 left on base; Butler HS 1 - Newport News HS 2 |
TOP OF THE 2ND |
Butler HS Golden Tornado batting - Pitching for Newport News HS Paints : LHP Kelly Shaw
|
Batting: SHB Myles Hopkins
|
0-0: Ball 1-0: Ball 2-0: Fly out, F8 (Flyball, 8RM)
|
Batting: RHB Warren Thornton
|
0-0: Called Strike 0-1: Ball 1-1: Foul Ball, location: 2F 1-2: Ball 2-2: Ground out 6-3 (Groundball, 6)
|
Batting: LHB Juan Díaz
|
0-0: Called Strike 0-1: Ball 1-1: Ground out 3-1 (Groundball, 34S)
|
Top of the 2nd over - 0 run(s), 0 hit(s), 0 error(s), 0 left on base; Butler HS 1 - Newport News HS 2 |
BOTTOM OF THE 2ND |
Newport News HS Paints batting - Pitching for Butler HS Golden Tornado : RHP Ethan Knight
|
Batting: RHB Seth O'Toole
|
0-0: Ball 1-0: Called Strike 1-1: Called Strike 1-2: Ground out 1-3 (Groundball, 15)
|
Batting: RHB Steve Stephens
|
0-0: Ball 1-0: Foul Ball, location: 2F 1-1: Foul Ball, location: 2F 1-2: Ball 2-2: Ball 3-2: Strikes out swinging
|
Batting: RHB Arthur Wilson
|
0-0: Ball 1-0: Ball 2-0: Called Strike 2-1: Foul Ball, location: 2F 2-2: Fly out, F9 (Flyball, 9M)
|
Bottom of the 2nd over - 0 run(s), 0 hit(s), 0 error(s), 0 left on base; Butler HS 1 - Newport News HS 2 |
TOP OF THE 3RD |
Butler HS Golden Tornado batting - Pitching for Newport News HS Paints : LHP Kelly Shaw
|
Batting: LHB Byron McIlmoyle
|
0-0: Ball 1-0: Ball 2-0: Ball 3-0: Base on Balls
|
Batting: RHB Keith Gamble
|
0-0: Ball 1-0: Ball Throwing error on steal attempt, E2 Byron McIlmoyle to third 2-0: Ball 3-0: Foul Ball, location: 2F 3-1: Called Strike 3-2: Strikes out swinging
|
Batting: RHB Mike Morton
|
0-0: Called Strike 0-1: Fly out, F1 (Popup, 15S)
|
Batting: LHB Joe Vásquez
|
0-0: Called Strike 0-1: Ball 1-1: Ball 2-1: Swinging Strike 2-2: Strikes out swinging
|
Top of the 3rd over - 0 run(s), 0 hit(s), 1 error(s), 1 left on base; Butler HS 1 - Newport News HS 2 |
BOTTOM OF THE 3RD |
Newport News HS Paints batting - Pitching for Butler HS Golden Tornado : RHP Ethan Knight
|
Batting: RHB Brian Hoover
|
0-0: Ball 1-0: Ball 2-0: Ball 3-0: Called Strike 3-1: Base on Balls
|
Batting: RHB Rick McDonald
|
0-0: Called Strike 0-1: Foul Ball, location: 2F 0-2: Strikes out swinging
|
Batting: LHB Juan Lima
|
0-0: Called Strike 0-1: Swinging Strike 0-2: Ball 1-2: Ball 2-2: Ball Brian Hoover is caught stealing 2nd base 3-2: SINGLE (Groundball, 4MD)
|
Batting: RHB Wilfred Martin
|
0-0: Ball 1-0: Called Strike 1-1: Foul Ball, location: 2F 1-2: Strikes out looking
|
Bottom of the 3rd over - 0 run(s), 1 hit(s), 0 error(s), 1 left on base; Butler HS 1 - Newport News HS 2 |
TOP OF THE 4TH |
Butler HS Golden Tornado batting - Pitching for Newport News HS Paints : LHP Kelly Shaw
|
Batting: RHB Daniel Quintana
|
0-0: SINGLE (Line Drive, 6D)
|
Batting: LHB Curtis Hudson
|
0-0: Called Strike 0-1: Called Strike 0-2: Fly out, F7 (Line Drive, 7M)
|
Batting: SHB Myles Hopkins
|
0-0: Swinging Strike 0-1: Called Strike 0-2: Fly out, F9 (Flyball, 89S)
|
Batting: RHB Warren Thornton
|
0-0: Called Strike 0-1: Called Strike Daniel Quintana steals 2nd base 0-2: Strikes out looking
|
Top of the 4th over - 0 run(s), 1 hit(s), 0 error(s), 1 left on base; Butler HS 1 - Newport News HS 2 |
BOTTOM OF THE 4TH |
Newport News HS Paints batting - Pitching for Butler HS Golden Tornado : RHP Ethan Knight
|
Batting: LHB Mark Wilson
|
0-0: Reached on error, E3 (Groundball, 3)
|
Batting: RHB Lynn Johnson
|
0-0: Ball 1-0: Foul Ball, location: 2F 1-1: Ball 2-1: Ball 3-1: Grounds into double play, 5-4-3 (Groundball, 5)
|
Batting: RHB Seth O'Toole
|
0-0: Ball 1-0: Ball 2-0: Foul Ball, location: 2F 2-1: Ball 3-1: Called Strike 3-2: SINGLE (Groundball, 56D)
|
Batting: RHB Steve Stephens
|
0-0: Ball 1-0: Called Strike 1-1: Swinging Strike 1-2: Strikes out swinging
|
Bottom of the 4th over - 0 run(s), 1 hit(s), 1 error(s), 1 left on base; Butler HS 1 - Newport News HS 2 |
TOP OF THE 5TH |
Butler HS Golden Tornado batting - Pitching for Newport News HS Paints : LHP Kelly Shaw
|
Batting: LHB Juan Díaz
|
0-0: Ball 1-0: Foul Ball, location: 2F 1-1: Foul Ball, location: 2F 1-2: Strikes out looking
|
Batting: LHB Byron McIlmoyle
|
0-0: Ball 1-0: Ground out 4-3 (Groundball, 4MS)
|
Batting: RHB Keith Gamble
|
0-0: Ball 1-0: Ball 2-0: SINGLE (Line Drive, 8LS)
|
Batting: RHB Mike Morton
|
0-0: Ball 1-0: Called Strike 1-1: Ball 2-1: Swinging Strike 2-2: Foul Ball, location: 2F 2-2: Foul Ball, location: 2F 2-2: SINGLE (Groundball, 56D) (infield hit) Keith Gamble to second
|
Pitching: LHP Ken Noble
|
|
Batting: LHB Joe Vásquez
|
0-0: Ball 1-0: Foul Ball, location: 2F 1-1: Called Strike 1-2: Ball 2-2: Ball 3-2: Fly out, F1 (Line Drive, 13)
|
Top of the 5th over - 0 run(s), 2 hit(s), 0 error(s), 2 left on base; Butler HS 1 - Newport News HS 2 |
BOTTOM OF THE 5TH |
Newport News HS Paints batting - Pitching for Butler HS Golden Tornado : RHP Ethan Knight
|
Batting: RHB Arthur Wilson
|
0-0: Ball 1-0: Ground out 6-3 (Groundball, 6S)
|
Batting: RHB Brian Hoover
|
0-0: Called Strike 0-1: Swinging Strike 0-2: Fly out, F9 (Flyball, 9LM)
|
Batting: RHB Rick McDonald
|
0-0: Swinging Strike 0-1: Ball 1-1: Ball 2-1: Foul Ball, location: 2F 2-2: Ball 3-2: Fly out, F9 (Flyball, 9M)
|
Bottom of the 5th over - 0 run(s), 0 hit(s), 0 error(s), 0 left on base; Butler HS 1 - Newport News HS 2 |
TOP OF THE 6TH |
Butler HS Golden Tornado batting - Pitching for Newport News HS Paints : LHP Ken Noble
|
Batting: RHB Daniel Quintana
|
0-0: Fly out, F9 (Flyball, 9M)
|
Batting: LHB Curtis Hudson
|
0-0: Ball 1-0: SINGLE (Flyball, 7S)
|
Batting: SHB Myles Hopkins
|
0-0: Called Strike 0-1: Swinging Strike 0-2: Ball 1-2: Ball 2-2: Fly out, F4 (Popup, 4M)
|
Batting: RHB Warren Thornton
|
0-0: Ball 1-0: Foul Ball, location: 2F 1-1: Fielders Choice at 2nd, U6 (Groundball, 6M)
|
Top of the 6th over - 0 run(s), 1 hit(s), 0 error(s), 1 left on base; Butler HS 1 - Newport News HS 2 |
BOTTOM OF THE 6TH |
Newport News HS Paints batting - Pitching for Butler HS Golden Tornado : RHP Ethan Knight
|
Pitching: LHP Rafael Martínez
|
|
Batting: LHB Juan Lima
|
0-0: Ball 1-0: Swinging Strike 1-1: Foul Ball, location: 2F 1-2: Foul Ball, location: 2F 1-2: Foul Ball, location: 2F 1-2: SINGLE (Line Drive, 89S)
|
Batting: RHB Wilfred Martin
|
0-0: Ball 1-0: Foul Ball, location: 2F 1-1: Foul Ball, location: 2F 1-2: Foul Ball, location: 2F 1-2: Foul Ball, location: 2F 1-2: Ball 2-2: Foul Ball, location: 2F 2-2: Foul Ball, location: 2F 2-2: SINGLE (Line Drive, 8LS) Juan Lima to second
|
Batting: LHB Mark Wilson
|
0-0: Foul Ball, location: 2F 0-1: Foul Ball, location: 2F 0-2: Ball 1-2: Ball 2-2: Foul Ball, location: 2F 2-2: Ball 3-2: Fly out, F6 (Popup, 6MD)
|
Batting: RHB Lynn Johnson
|
0-0: Called Strike 0-1: Ball 1-1: SINGLE (Groundball, 6MD) (infield hit) Juan Lima to third Wilfred Martin to second
|
Batting: RHB Seth O'Toole
|
0-0: Called Strike 0-1: Ball 1-1: Ball 2-1: Foul Ball, location: 2F 2-2: Foul Ball, location: 2F 2-2: Ball 3-2: SINGLE (Groundball, 56) Juan Lima scores Wilfred Martin to third Lynn Johnson to second Runner from 3rd tries for Home, SAFE, throw made home
|
Batting: RHB Steve Stephens
|
0-0: Ball 1-0: Foul Ball, location: 2F 1-1: Ball 2-1: Swinging Strike 2-2: 3-RUN HOME RUN (Flyball, 7D), Distance : 399 ft
|
Pitching: LHP Pedro Infante
|
|
Batting: RHB Arthur Wilson
|
0-0: Ball 1-0: Swinging Strike 1-1: Ball 2-1: Called Strike 2-2: Ball 3-2: Base on Balls
|
Batting: RHB Brian Hoover
|
0-0: Called Strike 0-1: Swinging Strike 0-2: Ball 1-2: Ball 2-2: Strikes out swinging
|
Batting: RHB Rick McDonald
|
Single, Error in OF, E9, batter to second base Arthur Wilson to third
|
Batting: LHB Juan Lima
|
0-0: Ball 1-0: Foul Ball, location: 2F 1-1: Called Strike 1-2: Ball 2-2: Strikes out swinging
|
Bottom of the 6th over - 5 run(s), 6 hit(s), 1 error(s), 2 left on base; Butler HS 1 - Newport News HS 7 |
TOP OF THE 7TH |
Butler HS Golden Tornado batting - Pitching for Newport News HS Paints : LHP Ken Noble
|
Batting: LHB Juan Díaz
|
0-0: Ball 1-0: Swinging Strike 1-1: Swinging Strike 1-2: Fly out, F5 (Popup, 5SF)
|
Batting: LHB Byron McIlmoyle
|
0-0: Swinging Strike 0-1: Swinging Strike 0-2: Ball 1-2: Ground out 4-3 (Groundball, 4M)
|
Batting: RHB Keith Gamble
|
0-0: Ball 1-0: Ground out 5-3 (Groundball, 56)
|
Top of the 7th over - 0 run(s), 0 hit(s), 0 error(s), 0 left on base; Butler HS 1 - Newport News HS 7 |
BOTTOM OF THE 7TH |
Newport News HS Paints batting - Pitching for Butler HS Golden Tornado : LHP Pedro Infante
|
Batting: RHB Wilfred Martin
|
0-0: Called Strike 0-1: Fly out, F4 (Popup, 4S)
|
Batting: LHB Mark Wilson
|
0-0: Called Strike 0-1: SINGLE (Groundball, 34D)
|
Batting: RHB Lynn Johnson
|
0-0: Ball 1-0: Ball 2-0: Foul Ball, location: 2F 2-1: Ball 3-1: Fly out, F7 (Flyball, 7LM)
|
Batting: RHB Seth O'Toole
|
0-0: Ball 1-0: DOUBLE (Flyball, 78D) Mark Wilson to third Runner from 3rd tries for Home, SAFE, throw made home
|
Batting: RHB Steve Stephens
|
0-0: Ball 1-0: Fly out, F9 (Flyball, 9S)
|
Bottom of the 7th over - 1 run(s), 2 hit(s), 0 error(s), 1 left on base; Butler HS 1 - Newport News HS 8 |
TOP OF THE 8TH |
Butler HS Golden Tornado batting - Pitching for Newport News HS Paints : LHP Ken Noble
|
Pitching: LHP William Jackson
|
|
Now in LF: William Donnelly
|
|
Batting: RHB Mike Morton
|
0-0: Ball 1-0: Called Strike 1-1: Called Strike 1-2: Foul Ball, location: 2F 1-2: Strikes out looking
|
Batting: LHB Joe Vásquez
|
0-0: Ball 1-0: Called Strike 1-1: Ball 2-1: Foul Ball, location: 2F 2-2: Ball 3-2: Fly out, F7 (Flyball, 7M)
|
Batting: RHB Daniel Quintana
|
0-0: Called Strike 0-1: Ball 1-1: Ball 2-1: Ground out 5-3 (Groundball, 5)
|
Top of the 8th over - 0 run(s), 0 hit(s), 0 error(s), 0 left on base; Butler HS 1 - Newport News HS 8 |
BOTTOM OF THE 8TH |
Newport News HS Paints batting - Pitching for Butler HS Golden Tornado : LHP Pedro Infante
|
Batting: RHB Arthur Wilson
|
0-0: Called Strike 0-1: Ball 1-1: Called Strike 1-2: Ball 2-2: SOLO HOME RUN (Flyball, 7LD), Distance : 362 ft
|
Batting: RHB Brian Hoover
|
0-0: Swinging Strike 0-1: Ball 1-1: Swinging Strike 1-2: Ball 2-2: Ball 3-2: Strikes out looking
|
Pitching: RHP Dave Murray
|
|
Batting: RHB Rick McDonald
|
0-0: Called Strike 0-1: Ball 1-1: Called Strike 1-2: Strikes out swinging
|
Batting: LHB Juan Lima
|
0-0: Called Strike 0-1: Foul Ball, location: 2F 0-2: DOUBLE (Line Drive, 4)
|
Batting: RHB Wilfred Martin
|
0-0: Ball 1-0: DOUBLE (Line Drive, 7LM) Juan Lima scores
|
Batting: LHB Mark Wilson
|
0-0: Called Strike 0-1: SINGLE (Line Drive, 8RS) Wilfred Martin to third Runner from 3rd tries for Home, SAFE, throw made home Mark Wilson to second
|
Batting: RHB Lynn Johnson
|
0-0: Ball 1-0: Fly out, F9 (Flyball, 9D)
|
Bottom of the 8th over - 3 run(s), 4 hit(s), 0 error(s), 1 left on base; Butler HS 1 - Newport News HS 11 |
TOP OF THE 9TH |
Butler HS Golden Tornado batting - Pitching for Newport News HS Paints : LHP William Jackson
|
Batting: LHB Curtis Hudson
|
0-0: Called Strike 0-1: Swinging Strike 0-2: Ball 1-2: Ball 2-2: Strikes out swinging
|
Batting: SHB Myles Hopkins
|
0-0: Ball 1-0: Ball 2-0: Ball 3-0: Base on Balls
|
Batting: RHB Warren Thornton
|
|
Pinch Hitting: RHB Fred Taylor
|
0-0: Called Strike 0-1: Ball 1-1: Called Strike 1-2: Ball 2-2: Strikes out looking
|
Batting: LHB Juan Díaz
|
0-0: Ball 1-0: Foul Ball, location: 2F 1-1: Ball 2-1: Ball 3-1: Base on Balls Myles Hopkins to second
|
Batting: LHB Byron McIlmoyle
|
0-0: Called Strike 0-1: Ball 1-1: Called Strike 1-2: Ball 2-2: Ball 3-2: Strikes out swinging
|
Top of the 9th over - 0 run(s), 0 hit(s), 0 error(s), 2 left on base; Butler HS 1 - Newport News HS 11 |
|